 Dungeon Crawl Stone Soup version 0.30-a0-297-g0ec75d9ef4 (webtiles) character file.

Game seed: 8115600921882692982

693 NinjaNoafa the Cutter (level 7, -2/50 HPs)
             Began as a Merfolk Gladiator on Oct 18, 2022.
             Was a Follower of Uskayaw.
             Shot with an arrow by a centaur (10 damage)
             ... on level 5 of the Dungeon.
             The game lasted 00:09:55 (4061 turns).

NinjaNoafa the Cutter (Merfolk Gladiator)           Turns: 4061, Time: 00:09:55

Health: -2/50      AC:  6    Str: 14    XL:     7   Next: 64%
Magic:  10/10      EV: 14    Int:  8    God:    Uskayaw [*.....]
Gold:   238        SH:  0    Dex: 23    Spells: 6/6 levels left

rFire   + . .      SeeInvis .    l - +3 falchion (vorpal)
rCold   + . .      Faith    +    (no shield)
rNeg    . . .      Spirit   .    b - +0 leather armour
rPois   +          Reflect  .    c - +0 helmet
rElec   +          Harm     .    z - +0 cloak
rCorr   +          Rampage  .    g - +0 pair of gloves
Will    .....                    (no boots)
Stlth   +++.......               p - amulet of faith
HPRegen 0.28/turn                k - +6 ring of dexterity
MPRegen 0.12/turn                (no ring)

@: brilliant, about to teleport, resistant, weak-willed
A: (nimble swimmer 2), mertail
a: Renounce Religion, Stomp


You were on level 5 of the Dungeon.
You worshipped Uskayaw.
Uskayaw was noncommittal.
You visited 2 branches of the dungeon, and saw 7 of its levels.

You collected 238 gold pieces.

Inventory:

Hand Weapons
 l - a +3 vorpal falchion (weapon)
Missiles
 a - a boomerang
 d - 4 throwing nets
 e - 3 javelins
 q - 29 stones
 v - 10 poisoned darts (quivered)
Armour
 b - a +0 leather armour (worn)
 c - a +0 helmet (worn)
 g - a +0 pair of gloves (worn)
 z - a +0 cloak (worn)
Jewellery
 k - a +6 ring of dexterity (left hand)
 p - an amulet of faith (around neck)
Scrolls
 f - 3 scrolls of amnesia
 m - 2 scrolls of vulnerability
 o - 2 scrolls of teleportation
Potions
 h - 2 potions of attraction
 i - 2 potions of curing
 t - a potion of resistance
 u - a potion of mutation
 x - a potion of brilliance


   Skills:
 - Level 2.1 Fighting
 - Level 7.0(7.1) Short Blades
 - Level 2.2(5.0) Long Blades
 - Level 2.0 Throwing
 - Level 4.0 Dodging
 - Level 5.0 Stealth
 + Level 4.3 Invocations


You had 6 spell levels left.
You didn't know any spells.
Your spell library contained the following spells:

 Spells                   Type           Power      Damage    Failure   Level
 Sandblast                Erth           0%         2d4       50%         1
 Blink                    Tloc           0%         N/A       63%         2
 Passwall                 Tmut/Erth      0%         N/A       63%         2
 Hailstorm                Conj/Ice       0%         3d3       86%         3
 Stone Arrow              Conj/Erth      0%         3d7       86%         3
 Ice Form                 Ice/Tmut       0%         N/A       99%         4
 Manifold Assault         Tloc           0%         N/A       99%         4
 Simulacrum               Ice/Necr       0%         N/A       100%        6
 Storm Form               Tmut/Air       0%         N/A       100%        7


Dungeon Overview and Level Annotations

Branches:
Dungeon (6/15)             Temple (1/1) D:4

Altars:
Elyvilon
Fedhas
Gozag
Hepliaklqana
Kikubaaqudgha
Makhleb
Nemelex Xobeh
Qazlal
Ru
Trog
Uskayaw
Vehumet
Xom
The Shining One

Shops:
D:6 (


Innate Abilities, Weirdness & Mutations

((You are very nimble when in or above water. (Stealth+, EV+, Speed+++)))
Your lower body shifts to a powerful aquatic tail in water.


Message History

As you read the scroll labelled TAYCVY SUPTI, it crumbles to dust.
Magic quickly surges around you.
It was a scroll of vulnerability.
The gnoll barely misses you.
As you read the scroll labelled VADEITETRO, it crumbles to dust.
You hear a loud clanging noise!
It was a scroll of noise.
You hear an angry hiss.
You hear a shout! x2
The gnoll closely misses you.
As you read the scroll labelled YKI XUFARO, it crumbles to dust.
You feel strangely unstable.
It was a scroll of teleportation.
The gnoll misses you.
The air fills with toxic fumes!
As you read the scroll labelled LUGGEB QUGAGG, it crumbles to dust.
It was a scroll of poison.
The gnoll hits you from afar with a +0 halberd!
* * * LOW HITPOINT WARNING * * *
As you read the scroll labelled COWOLYNAAH, it crumbles to dust.
Wisps of shadow whirl around you...
It was a scroll of summoning.
The gnoll barely misses you.
Your surroundings suddenly seem different.
Something unseen opens the large door.
An adder comes into view.
Okay, then.
A necrophage and a centaur come into view.
The centaur wields a +0 shortbow.
The centaur shoots an arrow.
The arrow completely misses you.
An ogre comes into view. It is wielding a +0 giant spiked club.
The ogre shouts!
The centaur shoots an arrow.
The arrow completely misses you.
As you read the scroll of teleportation, it crumbles to dust.
You feel strangely unstable.
The centaur shoots an arrow.
The arrow barely misses you.
The adder hisses angrily.
The gnoll attacks as you move away! The gnoll closely misses you.
The centaur shoots an arrow.
The arrow hits you!
* * * LOW HITPOINT WARNING * * *
The air fills with toxic fumes!
As you read the scroll of poison, it crumbles to dust.
The centaur shoots an arrow.
The arrow hits you!
You die...

#.#########.#
............#
#..########## . ##.#
###.. ##.# ##....
##g### ###..#
..g..###.☼§###########
..5l>....§§○§§§§§§§§§#
..######.§§§§§§g@§#
### #.g§§§g§§§§#
#.§§g§§§§§§#
#.§§§§§§§§§#
##########cO... §§n..
##.... §§.. ...


You could see an ogre, a necrophage, a centaur and 4 gnolls.

Vanquished Creatures
  A sky beast (D:6)
  A phantom (D:2)
  A bullfrog (D:6)
  A necrophage (D:6)
  A howler monkey (D:5)
  A jelly (D:5)
  2 hounds (D:4)
  An orc priest (D:5)
  3 iguanas
  An orc wizard (D:5)
  7 adders
  A white imp (D:6)
  An ufetubus (D:5)
  A worm (D:2)
  2 dart slugs (D:1)
  2 orcs
  7 ball pythons
  4 endoplasms
  2 giant cockroaches (D:1)
  2 goblins (D:1)
  7 hobgoblins
  4 jackals (D:5)
  7 kobolds
  4 quokkas
  3 training dummies (D:6)
  5 bats
  2 frilled lizards
  A rat (D:1)
  2 butterflies (D:4)
77 creatures vanquished.

Vanquished Creatures (others)
  A plant (D:4)
1 creature vanquished.

Grand Total: 78 creatures vanquished

Notes
Turn   | Place    | Note
-------+----------+-------------------------------------------
     0 | D:1      | NinjaNoafa the Merfolk Gladiator began the quest for the
                  | Orb.
     0 | D:1      | Reached XP level 1. HP: 16/16 MP: 1/1
   110 | D:1      | Reached skill level 1 in Stealth
   126 | D:1      | Reached XP level 2. HP: 9/22 MP: 2/2
   203 | D:1      | Reached skill level 4 in Short Blades
   502 | D:1      | Reached XP level 3. HP: 27/27 MP: 3/3
  1325 | D:2      | Found a faded altar of an unknown god.
  1480 | D:3      | Reached XP level 4. HP: 33/33 MP: 4/4
  1704 | D:3      | Noticed a phantom
  1733 | D:2      | Killed a phantom
  1734 | D:2      | Reached skill level 5 in Short Blades
  1734 | D:2      | Reached XP level 5. HP: 38/38 MP: 5/5
  2311 | D:4      | Found a staircase to the Ecumenical Temple.
  2356 | Temple   | Entered the Ecumenical Temple
  2494 | Temple   | Became a worshipper of Uskayaw the Reveller
  2555 | D:4      | Found an ancient bone altar of Kikubaaqudgha.
  2572 | D:4      | Reached * piety under Uskayaw
  2597 | D:4      | Reached ** piety under Uskayaw
  2781 | D:4      | Reached skill level 6 in Short Blades
  2781 | D:4      | Reached XP level 6. HP: 44/44 MP: 6/6
  2820 | D:4      | Reached skill level 5 in Stealth
  3060 | D:5      | Entered Level 5 of the Dungeon
  3083 | D:5      | Found a shimmering altar of Xom.
  3107 | D:5      | Found a hazy altar of Hepliaklqana.
  3168 | D:5      | Reached *** piety under Uskayaw
  3169 | D:5      | Reached **** piety under Uskayaw
  3292 | D:5      | Reached skill level 7 in Short Blades
  3320 | D:5      | Reached skill level 1 in Invocations
  3668 | D:6      | Reached skill level 1 in Long Blades
  3668 | D:6      | Reached XP level 7. HP: 47/50 MP: 8/8
  3837 | D:6      | Found Vetsuav's Firing Range.
  4061 | D:5      | Shot with an arrow by a centaur

Illustrated notes

Levels and vault maps discovered:
D:1:      zelgadis_glass_arrival_small, layout_rooms
D:2:      layout_basic, shapermc_ecumenical_altar_mp_ritualfount
D:3:      layout_rooms, kennysheep_boxes
D:4:      layout_basic, kiku_gazebo_garden_becter,
          minmay_temple_entry_offerings, minmay_fountain_box,
          hangedman_glass_garden
D:5:      layout_basic, mainiacjoe_overflow_tiny_flanked,
          mainiacjoe_overflow_chevrons, minmay_door_square,
          kennysheep_generic_room_4
D:6:      layout_loops_ring, nicolae_shop_firing_range, uniq_eustachio
Temple:   nicolae_temple_bog_church

Skill      XL: |  1  2  3  4  5  6  7 |
---------------+----------------------+-----
Stealth        | 1 2 3 4 5 |  5.0
Short Blades   | 4 5 6 7 |  7.0
Invocations    | 2 4 |  4.3
Long Blades    | 1 2 |  2.2
Fighting       | |  2.1
Throwing       | |  2.0
Dodging        | |  4.0

Action                   |  1- 3 |  4- 6 |  7- 9 || total
-------------------------+-------+-------+-------++-------
Melee: Rapier            |    81 |       |       ||    81
       Dagger            |    19 |   126 |       ||   145
       Falchion          |       |     4 |    27 ||    31
Throw: Dart              |       |     6 |       ||     6
       Throwing net      |       |     1 |       ||     1
  Use: Potion            |       |     4 |     3 ||     7
       Scroll            |       |     4 |     9 ||    13
 Stab: Sleeping          |     2 |    10 |     2 ||    14
       Paralysed         |       |     1 |     2 ||     3
Armor: Leather armour    |    37 |    23 |     7 ||    67
       Skin              |       |     2 |       ||     2
Dodge: Dodged            |    83 |    77 |    30 ||   190

Table legend: (Time is in decaauts)
 A = Elapsed time spent in this place.
 B = Non-inter-level travel time spent in this place.
 C = Inter-level travel time spent in this place.
 D = Time resting spent in this place.
 E = Time spent auto-exploring this place.
 F = Levels seen in this place.
 G = Mean time per level.
                   A        B        C        D        E       F      G
               +--------+--------+--------+--------+--------+-----+--------+
         Total |   3979 |   3727 |    252 |      0 |   2874 |   7 |  568.4 |
       Dungeon |   3852 |   3609 |    243 |      0 |   2772 |   6 |  642.0 |
        Temple |    126 |    117 |      9 |      0 |    102 |   1 |  126.0 |
               +--------+--------+--------+--------+--------+-----+--------+

Top non-repeatable levels by time:
     D:2: 988 daAuts
     D:3: 723 daAuts
     D:4: 623 daAuts
     D:1: 532 daAuts
     D:6: 496 daAuts
     D:5: 487 daAuts
  Temple: 126 daAuts
